[Event "Titled Tuesday Blitz August 1 Late 2023"]
[White "Altman, Joshua"]
[Black "2good4u734"]
[WhiteFideId "426210"]
[WhiteElo "2532"]
[BlackElo "2341"]
[Result "0-1"]
[Round "3"]
[TimeControl "180+1"]
[Date "2023.08.01"]
[WhiteClock "0:00:11"]
[BlackClock "0:00:42"]
[Board "113"]

1. d4 Nf6 2. c4 g6 3. Nc3 Bg7 4. Nf3 O-O 5. Bg5 d6 6. e3 h6 7. Bh4 g5 8. Bg3 Nh5 9. Nd2 Nxg3 10. hxg3 e5 11. d5 f5 12. Bd3 Nd7 13. g4 Nc5 14. Bc2 fxg4 15. Nde4 Nxe4 16. Nxe4 Qe8 17. Ng3 Qf7 18. Qd2 e4 19. Bxe4 Bd7 20. O-O-O Qxf2 21. Nh5 Qxd2+ 22. Rxd2 Be5 23. c5 dxc5 24. d6 cxd6 25. Bxb7 Rab8 26. Bd5+ Kh8 27. b3 Bf5 28. Rf2 Bg6 29. Rd2 Bc3 30. Rdd1 Rf2 31. e4 Be5 32. Rd2 Rbf8 33. Rxf2 Rxf2 34. a3 Rxg2 35. b4 cxb4 36. axb4 Kh7 37. b5 Rf2 38. Be6 g3 39. Bf5 Bxf5 40. exf5 Rxf5 41. Rg1 Rf3 42. Kd1 Kg6 43. Ke2 Rf2+ 44. Ke3 Kxh5 0-1


[Site "https://www.chess.com"]

[Event "Titled Tuesday Blitz August 1 Late 2023"]
[White "Cooper, Aaron"]
[Black "Janaszak, Dawid"]
[WhiteFideId "2634945"]
[BlackFideId "1119206"]
[WhiteElo "2328"]
[BlackElo "2531"]
[Result "0-1"]
[Round "3"]
[TimeControl "180+1"]
[Date "2023.08.01"]
[WhiteClock "0:00:00"]
[BlackClock "0:00:12"]
[Board "114"]

1. e4 c5 2. Nf3 Nc6 3. Bb5 e5 4. O-O Nge7 5. Bxc6 Nxc6 6. Nc3 Be7 7. Nd5 O-O 8. c3 d6 9. h3 f5 10. Qb3 Kh8 11. d3 fxe4 12. dxe4 Bxh3 13. Qxb7 Bd7 14. Nxe7 Qxe7 15. Bg5 Qe6 16. Bh4 Rab8 17. Qa6 Rxb2 18. Rad1 Qg6 19. Qd3 Bg4 20. Qxd6 Qe8 21. Rd3 c4 22. Re3 Rxa2 23. Bg3 Bxf3 24. Rxf3 Rxf3 25. gxf3 h6 26. Rd1 Kh7 27. Qc5 Na5 28. Rd5 Nb3 29. Qc7 Ra1+ 30. Kg2 Qh5 31. Bh2 Qg5+ 32. Bg3 Qc1 33. Kh3 Qh1+ 34. Kg4 Ra6 35. Qxe5 Rg6+ 36. Kf4 Qc1+ 37. Kf5 Rg5+ 38. Ke6 Rxe5+ 39. Bxe5 Nd2 40. Rd7 Kh8 41. Rxg7 Nxf3 0-1


[Site "https://www.chess.com"]

[Event "Titled Tuesday Blitz August 1 Late 2023"]
[White "Fuzesabonyilaci"]
[Black "Chor, Kevin"]
[BlackFideId "2090740"]
[WhiteElo "2323"]
[BlackElo "2526"]
[Result "1-0"]
[Round "3"]
[TimeControl "180+1"]
[Date "2023.08.01"]
[WhiteClock "0:00:13"]
[BlackClock "0:00:01"]
[Board "115"]

1. d4 Nf6 2. Nc3 d5 3. Bf4 c6 4. Qd2 Bf5 5. f3 e6 6. e3 Bb4 7. Nge2 Nbd7 8. a3 Ba5 9. g4 Bg6 10. h4 h6 11. h5 Bh7 12. O-O-O Nb6 13. Ng3 Na4 14. b4 Nxc3 15. Qxc3 Bc7 16. Ne2 Nd7 17. Rg1 f6 18. Bxc7 Qxc7 19. Nf4 Qd6 20. Bd3 Bxd3 21. Qxd3 O-O-O 22. c4 Kb8 23. c5 Qe7 24. Ng6 Qf7 25. Nxh8 Rxh8 26. e4 Rd8 27. exd5 cxd5 28. f4 e5 29. fxe5 fxe5 30. Qf5 Qe7 31. dxe5 Rf8 32. Qd3 Qxe5 33. Qd4 Qg5+ 34. Kb1 Nf6 35. Rdf1 Re8 36. Qf4+ Qxf4 37. Rxf4 Re3 38. Kb2 Kc7 39. g5 Nxh5 40. Rf7+ Kc6 41. gxh6 gxh6 42. Rh7 Kb5 43. Rxb7+ Kc4 44. c6 Nf4 45. c7 Re2+ 46. Kb1 Kb3 47. Rg3+ Ka4 48. c8=Q Re1+ 49. Qc1 Rd1 50. Qxd1# 1-0


[Site "https://www.chess.com"]

[Event "Titled Tuesday Blitz August 1 Late 2023"]
[White "Sreyas Payyappat"]
[Black "Ai, Evan"]
[WhiteFideId "46674969"]
[BlackFideId "2094770"]
[WhiteElo "2525"]
[BlackElo "2314"]
[Result "0-1"]
[Round "3"]
[TimeControl "180+1"]
[Date "2023.08.01"]
[WhiteClock "0:00:09"]
[BlackClock "0:00:57"]
[Board "116"]

1. e4 e5 2. Nf3 Nc6 3. Bc4 Nf6 4. d4 exd4 5. e5 d5 6. Bb5 Ne4 7. Nxd4 Bd7 8. Bxc6 bxc6 9. O-O Bc5 10. f3 Ng5 11. f4 Ne4 12. c3 O-O 13. Nd2 Nxd2 14. Bxd2 Bb6 15. Be3 c5 16. Nb3 Qe7 17. Qe2 Bf5 18. Qf2 c4 19. Bxb6 axb6 20. Nd4 Bd7 21. Rae1 c5 22. Nc2 Rxa2 23. f5 Rxb2 24. f6 Qe6 25. h3 Ra8 26. Qg3 g6 27. Ne3 d4 28. Nf5 Raa2 29. Nh4 Bc6 30. Rf3 Bxf3 31. Qxf3 h5 32. Qf4 Kh7 33. Re4 d3 34. Nxg6 Rxg2+ 35. Kf1 Raf2+ 36. Qxf2 Rxf2+ 37. Kxf2 Kxg6 0-1


[Site "https://www.chess.com"]

[Event "Titled Tuesday Blitz August 1 Late 2023"]
[White "Georg, Heinz"]
[Black "Berezin, Viktor"]
[WhiteFideId "4607295"]
[BlackFideId "14107872"]
[WhiteElo "2303"]
[BlackElo "2522"]
[Result "0-1"]
[Round "3"]
[TimeControl "180+1"]
[Date "2023.08.01"]
[WhiteClock "0:00:15"]
[BlackClock "0:00:24"]
[Board "117"]

1. c4 g6 2. Nc3 Bg7 3. d4 d6 4. e4 Nf6 5. Be2 O-O 6. Be3 e5 7. d5 c6 8. g4 a6 9. g5 Ne8 10. h4 f5 11. gxf6 Nxf6 12. h5 b5 13. cxb5 cxb5 14. hxg6 hxg6 15. a3 a5 16. Bxb5 Ba6 17. Qe2 Bxb5 18. Qxb5 Na6 19. Nf3 Ng4 20. Bb6 Qf6 21. Rh3 Rfb8 22. O-O-O Nc5 23. Rg1 Qf4+ 24. Kb1 Ra6 25. Bxc5 Rxb5 26. Nxb5 Qxe4+ 27. Ka1 dxc5 28. d6 Qd3 29. a4 e4 30. Rxg4 Qf1+ 31. Ka2 Qxh3 32. d7 Ra8 33. Rxg6 exf3 34. Rd6 Rd8 35. Na7 Rxd7 0-1


[Site "https://www.chess.com"]

[Event "Titled Tuesday Blitz August 1 Late 2023"]
[White "Tikhonov, Viacheslav"]
[Black "Ardila, Oscar Humberto"]
[WhiteFideId "44196407"]
[BlackFideId "4404742"]
[WhiteElo "2519"]
[BlackElo "2310"]
[Result "1-0"]
[Round "3"]
[TimeControl "180+1"]
[Date "2023.08.01"]
[WhiteClock "0:02:04"]
[BlackClock "0:00:00"]
[Board "118"]

1. d4 Nf6 2. Bf4 e6 3. e3 Bd6 4. Bg3 O-O 5. Nf3 Qe7 6. Bd3 h6 7. O-O Bxg3 8. hxg3 d6 9. c4 e5 10. dxe5 dxe5 11. e4 Bg4 12. Nc3 c6 13. Qe2 Nbd7 14. Qe3 Nc5 15. Bc2 a5 16. b3 Rad8 17. a3 Qc7 18. Qxc5 Bxf3 19. gxf3 Rd2 20. Rac1 Rfd8 21. Rfd1 Nh5 22. Nd5 Rxd1+ 23. Rxd1 Qc8 24. Ne7+ 1-0


[Site "https://www.chess.com"]

[Event "Titled Tuesday Blitz August 1 Late 2023"]
[White "Fernandez Siles, Luis"]
[Black "ATM622"]
[WhiteFideId "2209420"]
[WhiteElo "2300"]
[BlackElo "2516"]
[Result "0-1"]
[Round "3"]
[TimeControl "180+1"]
[Date "2023.08.01"]
[WhiteClock "0:00:00"]
[BlackClock "0:01:06"]
[Board "119"]

1. e4 c6 2. d4 d5 3. exd5 cxd5 4. c4 e6 5. Nc3 Nf6 6. Nf3 Nc6 7. cxd5 exd5 8. Bd3 Bg4 9. Be3 Be7 10. h3 Bh5 11. g4 Bg6 12. Ne5 Bxd3 13. Qxd3 Qb6 14. O-O h6 15. f4 Nb4 16. Qf5 Qe6 17. Qxe6 fxe6 18. Rac1 O-O 19. a3 Nc6 20. Nxc6 bxc6 21. Na4 Rac8 22. Rc2 Rc7 23. Rfc1 Rfc8 24. Kg2 Ne4 25. Kf3 g5 26. Nc3 Nd6 27. f5 Nc4 28. fxe6 Rf8+ 29. Ke2 Bd6 30. Re1 Re7 31. Kd3 Rxe6 32. Rce2 Rf3 33. Nd1 Bf4 34. b3 Nxe3 35. Nxe3 Rxh3 0-1


[Site "https://www.chess.com"]

[Event "Titled Tuesday Blitz August 1 Late 2023"]
[White "Ward, Ieuan C"]
[Black "Estrada Nieto, Julian"]
[WhiteFideId "406627"]
[BlackFideId "5101018"]
[WhiteElo "2298"]
[BlackElo "2515"]
[Result "0-1"]
[Round "3"]
[TimeControl "180+1"]
[Date "2023.08.01"]
[WhiteClock "0:00:21"]
[BlackClock "0:01:53"]
[Board "120"]

1. e4 e5 2. Nf3 Nc6 3. Bc4 Bc5 4. c3 Nf6 5. d3 d6 6. O-O a6 7. h3 Ba7 8. Bb3 h6 9. Nbd2 g5 10. Nh2 Rg8 11. Ng4 h5 12. Nxf6+ Qxf6 13. Qxh5 g4 14. hxg4 Bxg4 15. Qh2 O-O-O 16. Nc4 Rh8 17. Qg3 Rdg8 18. Be3 Bf3 19. gxf3 Rxg3+ 20. fxg3 b5 21. Bxa7 bxc4 22. Bxc4 Nxa7 23. Bxa6+ Kb8 24. Kg2 Qh6 0-1


[Site "https://www.chess.com"]

[Event "Titled Tuesday Blitz August 1 Late 2023"]
[White "Petesch, Gabriel"]
[Black "Garmendiarov"]
[WhiteFideId "2032465"]
[WhiteElo "2515"]
[BlackElo "2282"]
[Result "1-0"]
[Round "3"]
[TimeControl "180+1"]
[Date "2023.08.01"]
[WhiteClock "0:00:15"]
[BlackClock "0:00:05"]
[Board "121"]

1. d4 Nf6 2. Nf3 g6 3. Bf4 Bg7 4. e3 O-O 5. Nbd2 d6 6. Be2 Nh5 7. Bg5 h6 8. Bh4 g5 9. Bg3 Nc6 10. c3 e5 11. Nxe5 dxe5 12. Bxh5 f5 13. Bxe5 Nxe5 14. dxe5 Bxe5 15. Qb3+ Kh8 16. O-O-O Qe7 17. Kb1 Be6 18. Qc2 f4 19. Bf3 fxe3 20. fxe3 Rad8 21. h3 b5 22. Nb3 c5 23. Rxd8 Rxd8 24. Rd1 Rxd1+ 25. Qxd1 Bf5+ 26. e4 Bg6 27. Qd5 c4 28. Nd4 a6 29. a3 Bh7 30. Nc6 Qf6 31. Nxe5 Qf4 32. Kc2 Qe3 33. Ng4 Qe1 34. Qd4+ Kg8 35. Nf6+ Kg7 36. Nxh7+ Kxh7 37. e5 Kg6 38. Be4+ Kf7 39. Qd7+ Kf8 40. Qd6+ Kg7 41. Qf6+ Kg8 42. Bd5+ Kh7 43. Qf7+ Kh8 44. Qg8# 1-0


[Site "https://www.chess.com"]

[Event "Titled Tuesday Blitz August 1 Late 2023"]
[White "Pein, Malcolm"]
[Black "Vovk, Orest"]
[WhiteFideId "400289"]
[BlackFideId "14113490"]
[WhiteElo "2281"]
[BlackElo "2514"]
[Result "0-1"]
[Round "3"]
[TimeControl "180+1"]
[Date "2023.08.01"]
[WhiteClock "0:00:00"]
[BlackClock "0:00:03"]
[Board "122"]

1. Nf3 h6 2. a3 g5 3. b4 Bg7 4. Ra2 d5 5. e3 g4 6. Ng1 Nf6 7. Bb2 Be6 8. Ne2 d4 9. Ra1 dxe3 10. fxe3 Nc6 11. Nf4 Bf5 12. Bc4 e5 13. Nd3 Ne4 14. O-O Qg5 15. b5 Na5 16. Bd5 O-O-O 17. Bxe4 Bxe4 18. Rxf7 Nc4 19. Nc3 Bxd3 20. cxd3 Nxb2 21. Qb3 Nxd3 22. Nd5 e4 23. Nxc7 Bxa1 24. Qe6+ Kb8 25. Na6+ Ka8 26. Qxe4 Nc5 27. Nxc5 Qd5 28. Qc2 Rc8 29. d4 Rhf8 30. Rd7 Qxd7 0-1


[Site "https://www.chess.com"]

[Event "Titled Tuesday Blitz August 1 Late 2023"]
[White "Kanakaris, Georgios"]
[Black "Vafin, Ayrat"]
[WhiteFideId "4209460"]
[BlackFideId "4146530"]
[WhiteElo "2514"]
[BlackElo "2280"]
[Result "1-0"]
[Round "3"]
[TimeControl "180+1"]
[Date "2023.08.01"]
[WhiteClock "0:00:07"]
[BlackClock "0:00:12"]
[Board "123"]

1. d4 d5 2. c4 e6 3. Nf3 Nf6 4. e3 Be7 5. Nbd2 b6 6. Bd3 Bb7 7. b3 O-O 8. Bb2 Bd6 9. O-O Nbd7 10. Qe2 c5 11. Rac1 Qe7 12. Rfd1 Rac8 13. cxd5 exd5 14. Ba6 Bxa6 15. Qxa6 Nb8 16. Qd3 Rfd8 17. Qf5 Qe6 18. Nh4 Nc6 19. dxc5 bxc5 20. Bxf6 Qxf6 21. Qxf6 gxf6 22. Nf5 Bf8 23. Nb1 d4 24. Na3 dxe3 25. fxe3 Nb4 26. Nc4 Nxa2 27. Rxd8 Rxd8 28. Ra1 Nc3 29. Rxa7 Ne4 30. Ra1 h5 31. g3 Kh7 32. Kg2 Bh6 33. Ra7 Kg6 34. Nxh6 Kxh6 35. Rxf7 Rd3 36. Re7 Nc3 37. Re6 Kg7 38. Rd6 Nd5 39. Kf3 Nb4 40. Rxd3 Nxd3 41. Ke4 Nc1 42. Nd2 Kg6 43. Kd5 Nd3 44. Kc4 Ne5+ 45. Kxc5 Nd7+ 46. Kd6 Nb6 47. b4 h4 48. gxh4 Kh5 49. Nf3 Kg4 50. b5 Kxf3 51. h5 Nc4+ 52. Kc7 Nxe3 53. h6 Nd5+ 54. Kd6 Ne3 55. h7 Nf5+ 56. Kc5 Ng7 57. h8=Q Ne6+ 58. Kd6 Ng5 59. Qxf6+ Kg4 60. Qxg5+ Kxg5 61. b6 1-0


[Site "https://www.chess.com"]

[Event "Titled Tuesday Blitz August 1 Late 2023"]
[White "Doluhanova, Evgeniya"]
[Black "NigelDwarf"]
[WhiteFideId "14112035"]
[WhiteElo "2279"]
[BlackElo "2513"]
[Result "1/2-1/2"]
[Round "3"]
[TimeControl "180+1"]
[Date "2023.08.01"]
[WhiteClock "0:00:21"]
[BlackClock "0:00:15"]
[Board "124"]

1. Nf3 Nf6 2. g3 b5 3. Bg2 Bb7 4. O-O e6 5. b3 Be7 6. Bb2 O-O 7. d3 c5 8. Nbd2 d5 9. e4 dxe4 10. Nxe4 Nxe4 11. dxe4 Bxe4 12. Qe2 Bc6 13. Rad1 Qb6 14. Ne5 Bxg2 15. Kxg2 Nc6 16. Nd7 Qb7 17. Qf3 Rfc8 18. Ne5 Bf6 19. Rd7 Qb6 20. Nxf7 Bxb2 21. Nh6+ Kh8 22. Nf7+ Kg8 23. Nh6+ Kh8 24. Nf7+ Kg8 1/2-1/2


[Site "https://www.chess.com"]

[Event "Titled Tuesday Blitz August 1 Late 2023"]
[White "Prado Lobo, Jonas"]
[Black "Andreassen, Lars"]
[WhiteFideId "32050666"]
[BlackFideId "1504878"]
[WhiteElo "2511"]
[BlackElo "2275"]
[Result "1-0"]
[Round "3"]
[TimeControl "180+1"]
[Date "2023.08.01"]
[WhiteClock "0:00:43"]
[BlackClock "0:00:00"]
[Board "125"]

1. c4 e6 2. Nc3 d5 3. d4 c5 4. cxd5 cxd4 5. Qxd4 Nc6 6. Qd1 exd5 7. Qxd5 Bd7 8. Nf3 Nf6 9. Qd1 Bc5 10. e3 Qe7 11. Be2 g5 12. O-O Rg8 13. b4 Bxb4 14. Bb2 O-O-O 15. Qb3 Be6 16. Bc4 g4 17. Nd4 Nxd4 18. exd4 Rxd4 19. Bxe6+ Qxe6 20. Nb5 Qxb3 21. axb3 Rf4 22. Rfc1+ Kd7 23. Rxa7 Nd5 24. Rxb7+ Ke6 25. Nd4+ Rxd4 26. Bxd4 Nf4 27. Kf1 Ba3 28. Ra1 Bd6 29. Rb6 Rc8 30. b4 Nd5 31. Rba6 Nxb4 32. R6a4 Nc2 33. Rd1 Bxh2 34. g3 Rd8 35. Kg2 1-0


[Site "https://www.chess.com"]

[Event "Titled Tuesday Blitz August 1 Late 2023"]
[White "Thiel, Thomas"]
[Black "feuervogel1000000"]
[WhiteFideId "4615964"]
[WhiteElo "2267"]
[BlackElo "2511"]
[Result "1-0"]
[Round "3"]
[TimeControl "180+1"]
[Date "2023.08.01"]
[WhiteClock "0:02:51"]
[BlackClock "0:02:31"]
[Board "126"]

1. e4 e5 2. Nf3 Nc6 3. d4 exd4 4. Nxd4 Nf6 5. Nxc6 bxc6 6. e5 Qe7 7. Qe2 Nd5 8. h4 d6 9. c4 Ba6 10. exd6 Kd7 11. dxe7 1-0


[Site "https://www.chess.com"]

[Event "Titled Tuesday Blitz August 1 Late 2023"]
[White "BrandonJiang123456"]
[Black "FromTexas54"]
[WhiteElo "2258"]
[BlackElo "2509"]
[Result "0-1"]
[Round "3"]
[TimeControl "180+1"]
[Date "2023.08.01"]
[WhiteClock "0:00:08"]
[BlackClock "0:02:03"]
[Board "127"]

1. e4 g6 2. d4 Bg7 3. Nc3 d6 4. Be3 a6 5. Qd2 b5 6. a3 Bb7 7. f3 Nd7 8. h4 h6 9. h5 g5 10. Nge2 Ngf6 11. Ng3 e6 12. Be2 Nb6 13. f4 gxf4 14. Bxf4 Nfd7 15. O-O-O Qe7 16. Rde1 O-O-O 17. Kb1 Kb8 18. Na2 Ka8 19. Nb4 c5 20. dxc5 dxc5 21. Bd6 Qf6 22. Nd3 Nc4 23. Qf4 Nxd6 24. Qxd6 Nb8 25. Qf4 Qd4 26. c3 Qa4 27. Qxf7 Bxc3 28. bxc3 Qb3+ 29. Ka1 Qxa3+ 30. Kb1 Qb3+ 31. Ka1 Qxc3+ 32. Kb1 Qb3+ 33. Ka1 Rd4 34. Nb2 Rd2 35. Rb1 Qa3# 0-1


[Site "https://www.chess.com"]

[Event "Titled Tuesday Blitz August 1 Late 2023"]
[White "Mindhunter08"]
[Black "Broca Jimenez, Fernando"]
[BlackFideId "5104742"]
[WhiteElo "2507"]
[BlackElo "2242"]
[Result "1-0"]
[Round "3"]
[TimeControl "180+1"]
[Date "2023.08.01"]
[WhiteClock "0:00:20"]
[BlackClock "0:00:00"]
[Board "128"]

1. e4 c5 2. Nf3 g6 3. d4 cxd4 4. Qxd4 Nf6 5. Nc3 Nc6 6. Qa4 Bg7 7. e5 Ng8 8. Bf4 Nh6 9. O-O-O Ng4 10. Bg3 Ngxe5 11. Nxe5 Nxe5 12. Qd4 f6 13. Bc4 Nxc4 14. Qxc4 Qa5 15. Nd5 b5 16. Qb3 Bb7 17. Nc7+ Kd8 18. Ne6+ 1-0


[Site "https://www.chess.com"]

[Event "Titled Tuesday Blitz August 1 Late 2023"]
[White "Papayan, Oleg"]
[Black "Francisco_Ferrari"]
[WhiteFideId "4193911"]
[WhiteElo "2505"]
[BlackElo "2231"]
[Result "1-0"]
[Round "3"]
[TimeControl "180+1"]
[Date "2023.08.01"]
[WhiteClock "0:02:15"]
[BlackClock "0:00:26"]
[Board "129"]

1. e4 c5 2. d4 cxd4 3. Qxd4 Nc6 4. Qd3 Nf6 5. Nc3 d6 6. Nf3 g6 7. Be2 Bg7 8. O-O O-O 9. Nd5 Nd7 10. c3 a6 11. Bg5 b5 12. a4 Nc5 13. Qc2 bxa4 14. Rfd1 Rb8 15. Nd4 Nxd4 16. cxd4 Nb3 17. Nxe7+ Kh8 18. Nxg6+ hxg6 19. Bxd8 Rxd8 20. Rxa4 Be6 21. d5 Rdc8 22. Rc4 Rxc4 23. Bxc4 1-0


[Site "https://www.chess.com"]

[Event "Titled Tuesday Blitz August 1 Late 2023"]
[White "Mortazavi, Ali"]
[Black "Tarnowska, Aleksandra"]
[WhiteFideId "401323"]
[BlackFideId "1180967"]
[WhiteElo "2501"]
[BlackElo "2142"]
[Result "1-0"]
[Round "3"]
[TimeControl "180+1"]
[Date "2023.08.01"]
[WhiteClock "0:00:32"]
[BlackClock "0:00:00"]
[Board "130"]

1. Nf3 d5 2. g3 Nf6 3. Bg2 e6 4. O-O Be7 5. d3 O-O 6. Nbd2 c5 7. e4 d4 8. a4 Nc6 9. h3 Qc7 10. Nh2 e5 11. f4 exf4 12. gxf4 b6 13. e5 Nd7 14. Kh1 Bb7 15. Ne4 Nb4 16. Rg1 Nd5 17. Qf3 f5 18. Nd2 Rab8 19. Qxd5+ Bxd5 20. Bxd5+ Kh8 21. Nc4 a6 22. Bd2 Rbd8 23. Bf3 Nb8 24. Rg2 Rg8 25. a5 b5 26. Nb6 Nc6 27. Nd5 Qd7 28. Rag1 Bh4 29. Nb6 Qc7 30. Bd5 Rxd5 31. Nxd5 Qd7 32. Nb6 Qc7 33. Nf3 c4 34. Nxh4 c3 35. bxc3 dxc3 36. Bxc3 b4 37. Ba1 Nxa5 38. Nd5 Qc6 39. Ne7 1-0


[Site "https://www.chess.com"]

[Event "Titled Tuesday Blitz August 1 Late 2023"]
[White "ilya2700"]
[Black "Bettalli, Francesco"]
[BlackFideId "2816453"]
[WhiteElo "2096"]
[BlackElo "2501"]
[Result "0-1"]
[Round "3"]
[TimeControl "180+1"]
[Date "2023.08.01"]
[WhiteClock "0:01:00"]
[BlackClock "0:02:40"]
[Board "131"]

1. e4 e5 2. Nf3 Nf6 3. Nc3 Bc5 4. Bc4 d6 5. d3 h6 6. Na4 Bb4+ 7. c3 Ba5 8. b4 Bb6 9. Nxb6 axb6 10. h3 c6 11. Be3 O-O 12. g4 d5 13. exd5 Nxd5 14. g5 h5 15. Nxe5 Nxe3 16. f3 Nxd1 0-1


[Site "https://www.chess.com"]

[Event "Titled Tuesday Blitz August 1 Late 2023"]
[White "Burke, Paul"]
[Black "Kanyamarala, Tarun"]
[WhiteFideId "2605767"]
[BlackFideId "45004714"]
[WhiteElo "1889"]
[BlackElo "2500"]
[Result "0-1"]
[Round "3"]
[TimeControl "180+1"]
[Date "2023.08.01"]
[WhiteClock "0:00:00"]
[BlackClock "0:00:28"]
[Board "132"]

1. e4 c5 2. d4 cxd4 3. c3 dxc3 4. Nxc3 Nc6 5. Nf3 d6 6. Bc4 Nf6 7. e5 dxe5 8. Qxd8+ Nxd8 9. Nb5 e4 10. Ne5 Ne6 11. Bxe6 Bxe6 12. Nc7+ Kd8 13. Nxa8 Bd5 14. Be3 b6 15. Nxb6 axb6 16. Bxb6+ Kc8 17. O-O Kb7 18. Bd4 Ne8 19. Ng4 f6 20. Ne3 Bf7 21. b3 e5 22. Bb2 Nc7 23. Rfd1 Be6 24. Rac1 Be7 25. h3 Ra8 26. Ra1 Na6 27. Nd5 Bd8 28. Nc3 Nc5 29. Nb5 Nd3 30. Bc3 Bb6 31. Nd6+ Ka6 32. Nxe4 Nf4 33. Bd2 Ne2+ 34. Kf1 Nd4 35. Be3 Bd7 36. Bxd4 Bb5+ 37. Kg1 Bxd4 38. Rac1 Kb6 39. Nc3 Bc6 40. Ne2 Bb2 41. Rc2 Ba3 42. Nc3 Ra5 43. f3 Bc5+ 44. Kh2 Be3 45. Ne4 Bd4 46. Nc3 h5 47. Ne2 Bc5 0-1


[Site "https://www.chess.com"]

[Event "Titled Tuesday Blitz August 1 Late 2023"]
[White "Curtis, John"]
[Black "Ibarra Jerez, Jose Carlos"]
[WhiteFideId "3200256"]
[BlackFideId "2226332"]
[WhiteElo "2088"]
[BlackElo "2879"]
[Result "0-1"]
[Round "3"]
[TimeControl "180+1"]
[Date "2023.08.01"]
[WhiteClock "0:00:00"]
[BlackClock "0:00:16"]
[Board "133"]

1. e4 c5 2. Nf3 Nc6 3. Bb5 e6 4. O-O Nge7 5. c3 a6 6. Ba4 b5 7. Bc2 Bb7 8. d3 Rc8 9. Re1 Ng6 10. Nbd2 Be7 11. Nf1 O-O 12. a3 Qc7 13. Ne3 h6 14. Bd2 Nge5 15. Nxe5 Nxe5 16. Rc1 Bg5 17. Qe2 f5 18. f3 Qd6 19. Rcd1 Bh4 20. Rf1 Ng6 21. g3 Bd8 22. Be1 f4 23. Ng2 Bb6 24. gxf4 Nxf4 25. Nxf4 Qxf4 26. Bg3 Qf6 27. Kh1 b4 28. axb4 cxb4 29. c4 Qxb2 30. Rb1 Qa3 31. Bd6 Bc5 32. Ra1 Qc3 33. Bg3 b3 34. Bxb3 Qxb3 35. Rab1 Qa4 36. Rxb7 Rf7 37. Bf2 Qc6 38. Rfb1 Rcf8 39. Bxc5 Qxc5 40. Rb8 Kh7 41. Rxf8 Qxf8 42. Rg1 Rxf3 43. Qg2 Qf7 44. e5 a5 45. d4 a4 46. Qc2+ Kh8 47. Qxa4 Qf4 48. Qa8+ Kh7 0-1


[Site "https://www.chess.com"]

[Event "Titled Tuesday Blitz August 1 Late 2023"]
[White "Fiorito, Joaquin"]
[Black "Gatterer, Florian"]
[WhiteFideId "180173"]
[BlackFideId "811688"]
[WhiteElo "2688"]
[BlackElo "2406"]
[Result "1-0"]
[Round "3"]
[TimeControl "180+1"]
[Date "2023.08.01"]
[WhiteClock "0:00:52"]
[BlackClock "0:00:00"]
[Board "134"]

1. d4 Nf6 2. Nc3 d5 3. Bf4 e6 4. Nb5 Na6 5. e3 Be7 6. Nf3 O-O 7. h4 c6 8. Nc3 c5 9. Ne5 cxd4 10. exd4 Qa5 11. Bd3 Nb4 12. Be2 Nc6 13. O-O Bb4 14. Nb1 Ne4 15. c3 Be7 16. g3 Nxe5 17. Bxe5 Qb6 18. Qc2 Bd6 19. Bxd6 Nxd6 20. Nd2 Bd7 21. Nf3 Bb5 22. Ne5 Bxe2 23. Qxe2 Qb5 24. Qd2 Nc4 25. Nxc4 Qxc4 26. h5 h6 27. Rfe1 b5 28. a3 a5 29. Rac1 Rab8 30. Kh2 Rfc8 31. g4 Qc7+ 32. Kh3 Qe7 33. Rg1 b4 34. g5 hxg5 35. Rxg5 bxc3 36. bxc3 Kh8 37. Rcg1 Rg8 38. Qf4 Qf6 39. Qg3 Rb2 40. Rg2 Re2 41. Rg4 Qf5 42. Kh2 Re4 43. Rxe4 dxe4 44. Qh4 f6 45. Rg6 Kh7 46. Rg4 Rc8 47. Qg3 g5 48. hxg6+ Kg7 49. Rh4 Rh8 50. Rxh8 Kxh8 51. Qh4+ Kg8 52. Qh7+ 1-0


[Site "https://www.chess.com"]

[Event "Titled Tuesday Blitz August 1 Late 2023"]
[White "Pesotskiy, Mikhail"]
[Black "Wu, Derek"]
[WhiteFideId "34164453"]
[BlackFideId "30914558"]
[WhiteElo "2380"]
[BlackElo "2686"]
[Result "1/2-1/2"]
[Round "3"]
[TimeControl "180+1"]
[Date "2023.08.01"]
[WhiteClock "0:01:14"]
[BlackClock "0:01:47"]
[Board "135"]

1. d4 d5 2. c4 e6 3. Nc3 a6 4. cxd5 exd5 5. Bf4 c6 6. e3 Bd6 7. Bxd6 Qxd6 8. Bd3 Ne7 9. Qc2 g6 10. Nf3 O-O 11. O-O Bf5 12. Rfc1 Nd7 13. Na4 Rfe8 14. Rab1 h5 15. b4 Bxd3 16. Qxd3 Nf5 17. Nc5 Qc7 18. Nxd7 Qxd7 19. Ne5 Qe7 20. a4 Nd6 21. Nxg6 fxg6 22. Qxg6+ Kf8 23. Qh6+ Kg8 24. Qg6+ Kf8 25. Qh6+ Kg8 26. Qg6+ 1/2-1/2


[Site "https://www.chess.com"]

[Event "Titled Tuesday Blitz August 1 Late 2023"]
[White "Senft, Sean"]
[Black "Sun, Rick"]
[WhiteFideId "2044960"]
[BlackFideId "30909481"]
[WhiteElo "2353"]
[BlackElo "2624"]
[Result "0-1"]
[Round "3"]
[TimeControl "180+1"]
[Date "2023.08.01"]
[WhiteClock "0:00:54"]
[BlackClock "0:00:10"]
[Board "136"]

1. d4 Nf6 2. c4 g6 3. Nc3 Bg7 4. e4 O-O 5. f4 d6 6. Nf3 Na6 7. Bd3 e5 8. fxe5 dxe5 9. d5 Nc5 10. Bc2 Nh5 11. O-O f5 12. b4 Nxe4 13. Nxe4 fxe4 14. Bxe4 Nf4 15. Bb2 Bg4 16. Qd2 Bxf3 17. Rxf3 Qh4 18. Kh1 Nh5 19. Qd3 Rxf3 20. gxf3 Rf8 21. c5 Ng3+ 22. Kg2 Nxe4 23. Qxe4 Rf4 24. Qe1 Qh5 25. Qg3 Rxb4 26. Bc3 Rc4 27. Qe1 e4 28. fxe4 Bxc3 29. Qf1 Qg4+ 30. Kh1 Qxe4+ 31. Qg2 Qxg2+ 32. Kxg2 Bxa1 0-1


[Site "https://www.chess.com"]

[Event "Titled Tuesday Blitz August 1 Late 2023"]
[White "Womacka, Mathias"]
[Black "Li, Hui"]
[WhiteFideId "4611390"]
[BlackFideId "15400310"]
[WhiteElo "2536"]
[BlackElo "2370"]
[Result "1-0"]
[Round "3"]
[TimeControl "180+1"]
[Date "2023.08.01"]
[WhiteClock "0:00:18"]
[BlackClock "0:00:00"]
[Board "137"]

1. e4 e5 2. Nf3 Nf6 3. Nxe5 d6 4. Nf3 Nxe4 5. d4 d5 6. Bd3 Be7 7. O-O Nc6 8. c4 Nb4 9. Be2 O-O 10. Nc3 Bf5 11. a3 Nxc3 12. bxc3 Nc6 13. cxd5 Qxd5 14. Bf4 Bd6 15. c4 Qe4 16. Bxd6 cxd6 17. Qd2 Qc2 18. Qxc2 Bxc2 19. d5 Ne7 20. Nd4 Bg6 21. Nb5 Rfd8 22. Rfe1 Kf8 23. Bf1 Nc8 24. Ra2 Nb6 25. a4 a6 26. Nd4 Nd7 27. f4 Nc5 28. f5 Bh5 29. h3 f6 30. Ne6+ Nxe6 31. dxe6 Ke7 32. Rb1 Rab8 33. Rab2 b5 34. axb5 axb5 35. Rxb5 Rxb5 36. Rxb5 Rc8 37. Rb7+ Kf8 38. Kf2 Be8 39. Ke3 Bc6 40. Rf7+ Kg8 41. Ra7 Kf8 42. g4 h6 43. Kd4 Rb8 44. Bd3 Rc8 45. Bc2 Rb8 46. Ba4 1-0


[Site "https://www.chess.com"]

[Event "Titled Tuesday Blitz August 1 Late 2023"]
[White "Gasparyan, David"]
[Black "Skuhala, Barbara"]
[WhiteFideId "13311980"]
[BlackFideId "14605465"]
[WhiteElo "2501"]
[BlackElo "2319"]
[Result "1-0"]
[Round "3"]
[TimeControl "180+1"]
[Date "2023.08.01"]
[WhiteClock "0:01:35"]
[BlackClock "0:01:40"]
[Board "138"]

1. d4 Nf6 2. e3 e6 3. Bd3 d5 4. b3 Be7 5. Bb2 O-O 6. Nd2 b6 7. Ngf3 c5 8. O-O Ba6 9. Bxa6 Nxa6 10. c4 Nb8 11. Ne5 Nfd7 12. Ndf3 f6 13. Nd3 Nc6 14. Nf4 Qc8 15. Nxe6 Re8 16. cxd5 Nb4 17. dxc5 Nxc5 18. Nf4 Bd6 19. a3 Nba6 20. Rc1 Qf5 21. Nd4 Qg5 22. Nfe6 Qh6 23. g3 Ne4 24. Nf5 Qg6 25. Nfxg7 Re7 26. Nh5 Rae8 27. Qf3 Nd2 28. Nxf6+ Kh8 29. Qe2 Nxf1 30. Nxe8+ Kg8 31. Nxd6 1-0


[Site "https://www.chess.com"]